 Dungeon Crawl Stone Soup version 0.30.1-11-g7821555f0a (webtiles) character file.

Game seed: 18368203161828151017

19 H0rd4k the Charlatan (level 2, 0/21 HPs)
             Began as a Human Artificer on Nov 28, 2023.
             Succumbed to an adder's poison
             ... on level 2 of the Dungeon.
             The game lasted 00:00:54 (909 turns).

H0rd4k the Charlatan (Human Artificer)               Turns: 909, Time: 00:00:55

Health: 0/21       AC:  3    Str: 12    XL:     2   Next: 95%
Magic:  2/2        EV: 11    Int: 11    God:
Gold:   31         SH:  0    Dex: 13    Spells: 1/1 levels left

rFire   . . .        a - +0 club
rCold   . . .        (no shield)
rNeg    . . .        b - +0 leather armour
rPois   .            (no helmet)
rElec   .            (no cloak)
rCorr   .            (no gloves)
SInv    .            (no boots)
Will    .....        (no amulet)
Stlth   +            (no ring)
HPRegen 0.23/turn    (no ring)
MPRegen 0.08/turn

%: no passive effects
@: lethally poisoned (0 -> -6)
A: no striking features
a: no special abilities


You were on level 2 of the Dungeon.
You visited 1 branch of the dungeon, and saw 2 of its levels.

You collected 31 gold pieces.

Inventory:

Hand Weapons
 a - a +0 club (weapon)
Missiles
 g - 2 poisoned darts
Armour
 b - a +0 leather armour (worn)
Wands
 c - a wand of flame (12) (quivered)
 d - a wand of charming (14)
 e - a wand of iceblast (5)
Scrolls
 f - a scroll of enchant armour {unknown}
 h - a scroll of blinking {unknown}
 l - a scroll of identify {unknown}
Potions
 j - a potion of magic {unknown}
 k - a potion of flight {unknown}


   Skills:
 + Level 1.2 Fighting
 + Level 0.1 Maces & Flails
 - Level 2.0 Armour
 + Level 1.3 Dodging
 - Level 1.0 Stealth
 + Level 3.6 Evocations


You had one spell level left.
You didn't know any spells.
Your spell library was empty.

Dungeon Overview and Level Annotations

Branches:
Dungeon (2/15)

Altars:


Message History

The kobold hits you with a +0 short sword.
You closely miss the kobold.
The kobold hits you with a +0 short sword.
You closely miss the kobold.
The kobold hits you with a +0 short sword. x2
You miss the kobold. The kobold barely misses you.
You hit the kobold.
You kill the kobold!
There is a stone staircase leading up, spattered with blood here.
Things that are here:
a +0 short sword; a jackal corpse; a bat corpse
Found a scroll labelled KITELI QAWI.
Found a scroll labelled QOKHLA HICAIPH.
A worm comes into view.
An adder comes into view.
There are monsters nearby!
There are monsters nearby!
You barely miss the adder. The adder bites you.
The hobgoblin shouts!
You hit the adder.
The adder is moderately wounded.
The adder bites you.
You are poisoned.
The adder poisons you! The adder bites you but does no damage.
You miss the adder.
The adder is moderately wounded.
You feel sick. The adder bites you.
* * * LOW HITPOINT WARNING * * *
You are lethally poisoned!
The adder poisons you! The adder bites you.
* * * LOW HITPOINT WARNING * * *
Aiming: Charm
Press: ? - help, Shift-Dir - straight line, f - adder
Aim: an adder (moderately wounded, chance to affect: 67%)
The adder is charmed.
The endoplasm quivers.
* * * LOW HITPOINT WARNING * * *
You feel sick.
It was a potion of cancellation.
You feel magically purged.
You die...

.. ###.#.
###..####.....
#..........#.#
#.?..........#
#...........#
#..........#
#.........S#
#######.........@#
....<............#
######...........#
#............gw#
#.#..............#
.?
#..........##..#
## #.!......J.#
..#
#............#.#
.......(..... .#


You could see a worm, an endoplasm, a hobgoblin and a friendly adder (charmed).

Vanquished Creatures
  3 bats
  A goblin (D:1)
  A hobgoblin (D:1)
  4 jackals
  A quokka (D:1)
  2 ball pythons (D:1)
  A frilled lizard (D:1)
  2 kobolds
  2 rats (D:1)
17 creatures vanquished.

Notes
Turn   | Place    | Note
-------+----------+-------------------------------------------
     0 | D:1      | H0rd4k the Human Artificer began the quest for the Orb.
     0 | D:1      | Reached XP level 1. HP: 15/15 MP: 1/1
   352 | D:1      | Reached XP level 2. HP: 20/21 MP: 2/2
   909 | D:2      | Succumbed to an adder's poison

Illustrated notes

Levels and vault maps discovered:
D:1:      lightli_arrival_statue_moat, layout_loops_ring, reono_crystal_passage
D:2:      layout_rooms, uniq_natasha, uniq_terence

Action                     || total
---------------------------++-------
  Melee: Club              ||    91
  Evoke: Wand              ||     4
    Use: Potion            ||     1
 Armour: Leather armour    ||    28
  Dodge: Dodged            ||    73
